 Dungeon Crawl Stone Soup version 0.27-a0-955-gb57c80000f (webtiles) character file.

Game seed: 5789922299788306848

163 Glokmah the Chiller (level 5, -5/41 HPs)
             Began as a Draconian Ice Elementalist on Apr 12, 2021.
             Slain by Grinder (8 damage)
             ... on level 3 of the Dungeon.
             The game lasted 00:06:31 (2890 turns).

Glokmah the Chiller (Draconian Ice Elementalist)    Turns: 2890, Time: 00:06:31

Health: -5/41      AC:  6    Str: 10    XL:     5   Next: 20%
Magic:  2/9        EV: 12    Int: 17    God:
Gold:   115        SH:  0    Dex: 11    Spells: 5/9 levels left

rFire    . . .     SeeInvis .   a - +1 whip (elec)
rCold    . . .     Faith    .   (no shield)
rNeg     . . .     Spirit   .   (armour unavailable)
rPois    .         Reflect  .   (helmet restricted)
rElec    .         Harm     .   l - +0 cloak
rCorr    .         Rampage  .   (no gloves)
Will     +....                  (no boots)
Stlth    ++........             (no amulet)
HPRegen  0.13/turn              e - ring of willpower
MPRegen  0.11/turn              (no ring)

@: no status effects
A: AC +5, unfitting armour, cold-blooded
a: no special abilities


You were on level 3 of the Dungeon.
You visited 1 branch of the dungeon, and saw 3 of its levels.

You collected 115 gold pieces.

Inventory:

Hand Weapons
 a - a +1 whip of electrocution (weapon)
 k - a +0 flail of holy wrath
Missiles
 c - 165 stones
 m - 5 atropa-tipped darts
Armour
 l - a +0 cloak (worn)
Magical Staves
 g - a staff of earth
Jewellery
 e - a ring of willpower (left hand)
Scrolls
 b - 3 scrolls of identify {unknown}
 h - a scroll of teleportation {unknown}
 i - a scroll of enchant weapon {unknown}
 j - a scroll of immolation {unknown}


   Skills:
 + Level 2.2 Fighting
 + Level 2.6 Dodging
 - Level 1.7 Stealth
 + Level 2.8 Spellcasting
 * Level 5.1 Ice Magic


You had 5 spell levels left.
You knew the following spells:

 Your Spells              Type           Power      Damage    Failure   Level
a - Freeze                Ice            80%        1d9       2%          1
b - Frozen Ramparts       Ice            40%        1d6       6%          3

Your spell library contained the following spells:

 Spells                   Type           Power      Damage    Failure   Level
 Ozocubu's Armour         Ice            20%        N/A       6%          3
 Hailstorm                Conj/Ice       11%        3d5       52%         4
 Metabolic Englaciation   Hex/Ice        5%         N/A       86%         5


Dungeon Overview and Level Annotations

Branches:
Dungeon (3/15)

Altars:

Shops:
D:1 =

Annotations:
D:3 Grinder


Innate Abilities, Weirdness & Mutations

Your plain brown scales are hard. (AC +5)
You cannot fit into any form of body armour.
You are cold-blooded and may be slowed by cold attacks.


Message History

Press: ? - help, Shift-Dir - straight line, f - Grinder
Aim: Grinder, carrying a wand of flame (11) (lightly wounded)
You freeze Grinder.
Grinder resists.
Grinder is lightly wounded.
Grinder resists.
The wall freezes Grinder.
Grinder barely misses you.
You closely miss Grinder.
You tail-slap Grinder, but do no damage.
Grinder is moderately wounded.
The frozen ramparts melt away.
Grinder misses you.
You closely miss Grinder.
Grinder is moderately wounded.
Grinder zaps a wand.
The puff of flame hits you!
You hit Grinder.
Your tail-slap misses Grinder.
Grinder is moderately wounded.
Grinder hits you.
You writhe in agony.
You hit Grinder.
Grinder is heavily wounded.
Grinder zaps a wand.
The puff of flame hits you!
* * * LOW HITPOINT WARNING * * *
You aren't carrying any potions.
Okay, then.
Grinder zaps a wand.
The puff of flame hits you!
* * * LOW HITPOINT WARNING * * *
Grinder says, "You look like you could use a good racking."
Grinder blinks!
As you read the scroll labelled BOCLAPPU BOCA, it crumbles to dust.
It is a scroll of amnesia.
Really abort (and waste the scroll)?
Okay, then.
Grinder gestures at you.
You suddenly lose the ability to move!
Grinder says, "You look like you could use a good racking."
Grinder hits you but does no damage.
You can move again.
As you read the scroll labelled FUASO PUROS, it crumbles to dust.
It is a scroll of brand weapon.
Your +1 whip of freezing crackles with electricity.
a - a +1 whip of electrocution (weapon)
Grinder hits you!
You die...

#.####)....##.#.###.#......
#...######.#.....#......
#...# ##.#..####.....<
##### #....### #.....)
########......###......
...)...................
######..########......
######.....................
#......#..@..########......
####.#####...5### #..>...
#))..# #.#.## #......
...).#### #...# ##....#
...## ###..## ##.... ..
#....# ####. . #..### #.
#### ##


You could see Grinder.

Vanquished Creatures
  An orc priest (D:3)
  2 orc wizards (D:2)
  An adder (D:2)
  A worm (D:2)
  4 orcs
  7 ball pythons
  7 bats
  7 endoplasms
  3 giant cockroaches
  4 goblins
  5 hobgoblins
  4 jackals (D:2)
  2 quokkas
  4 frilled lizards
  6 kobolds
  8 rats
66 creatures vanquished.

Notes
Turn   | Place    | Note
-------+----------+-------------------------------------------
     0 | D:1      | Glokmah the Draconian Ice Elementalist began the quest for
                  | the Orb.
     0 | D:1      | Reached XP level 1. HP: 14/14 MP: 3/3
    35 | D:1      | Found Cuhynof's Jewellery Shoppe.
   152 | D:1      | Reached XP level 2. HP: 22/22 MP: 0/5
   648 | D:1      | Reached skill level 1 in Fighting
  1150 | D:1      | Reached XP level 3. HP: 28/28 MP: 4/6
  1576 | D:2      | Learned a level 3 spell: Frozen Ramparts
  1657 | D:2      | Reached XP level 4. HP: 4/36 MP: 0/7
  2558 | D:3      | Reached skill level 5 in Ice Magic
  2853 | D:3      | Noticed Grinder
  2857 | D:3      | Reached XP level 5. HP: 33/41 MP: 2/9
  2883 | D:3      | HP: 2/41 [Grinder/puff of flame (7)]
  2885 | D:3      | Paralysed by Grinder for 5 turns
  2890 | D:3      | Slain by Grinder

Illustrated notes

Levels and vault maps discovered:
D:1:      pf_arrival_petrified_forest, layout_basic, serial_shops, shop
D:2:      layout_rooms
D:3:      layout_rooms, elyvilon_altar_4, minmay_misc_feat_pillars, uniq_grinder

Skill      XL: |  1  2  3  4 |
---------------+-------------+-----
Dodging        | 2 |  2.6
Fighting       | 1 2 |  2.2
Ice Magic      | 5 |  5.1
Stealth        | |  1.7
Spellcasting   | |  2.8

Action                   |  1- 3 |  4- 6 || total
-------------------------+-------+-------++-------
Melee: Unarmed           |    12 |       ||    12
       Tailslap          |     3 |     2 ||     5
       Dagger            |    23 |       ||    23
       Whip              |       |    46 ||    46
 Cast: Freeze            |    38 |    19 ||    57
       Frozen Ramparts   |     2 |     5 ||     7
  Use: Potion            |     1 |       ||     1
       Scroll            |       |     2 ||     2
 Stab: Sleeping          |     1 |     4 ||     5
       Distracted        |       |     1 ||     1
Armor: Skin              |    20 |    16 ||    36
Dodge: Dodged            |    33 |    35 ||    68

Table legend: (Time is in decaauts)
 A = Elapsed time spent in this place.
 B = Non-inter-level travel time spent in this place.
 C = Inter-level travel time spent in this place.
 D = Time resting spent in this place.
 E = Time spent auto-exploring this place.
 F = Levels seen in this place.
 G = Mean time per level.
                   A        B        C        D        E       F      G
               +--------+--------+--------+--------+--------+-----+--------+
         Total |   2899 |   2728 |    171 |    311 |   1823 |   3 |  966.3 |
       Dungeon |   2899 |   2728 |    171 |    311 |   1823 |   3 |  966.3 |
               +--------+--------+--------+--------+--------+-----+--------+

Top non-repeatable levels by time:
     D:1: 1791 daAuts
     D:2: 716 daAuts
     D:3: 391 daAuts
